 Dungeon Crawl Stone Soup version 0.29.1-1-gd02db6906a (webtiles) character file.

Game seed: 3564767831156356444

25 Brecoman the Ruffian (level 2, -3/24 HPs)
             Began as a Draconian Transmuter on Sept 21, 2022.
             Killed by divine providence
             ... invoked by an orc priest
              (12 damage)
             ... on level 2 of the Dungeon.
             The game lasted 00:02:26 (1396 turns).

Brecoman the Ruffian (Draconian Transmuter)         Turns: 1396, Time: 00:02:27

Health: -3/24      AC:  4    Str: 12    XL:     2   Next: 82%
Magic:  4/5        EV: 12    Int: 13    God:
Gold:   28         SH:  0    Dex: 11    Spells: 2/5 levels left

rFire   . . .      SeeInvis .     - Unarmed
rCold   . . .      Faith    .   (no shield)
rNeg    . . .      Spirit   .   (body armour unavailable)
rPois   .          Reflect  .   (helmet currently unavailable)
rElec   .          Harm     .   (no cloak)
rCorr   .          Rampage  .   (no gloves)
Will    .....                   (boots currently unavailable)
Stlth   +.........              (no amulet)
HPRegen 0.08/turn               (no ring)
MPRegen 0.09/turn               (no ring)

@: appendages (expiring)
A: horns 2, talons 2, AC +4, unfitting armour, cold-blooded
a: End Transformation


You were on level 2 of the Dungeon.
You had temporarily grown beastly horns and talons.
You visited 1 branch of the dungeon, and saw 2 of its levels.

You collected 28 gold pieces.

Inventory:

Missiles
 b - 6 stones
Armour
 l - a +0 pair of boots (melded)
Magical Staves
 i - a staff of poison
Scrolls
 c - a scroll of noise {unknown}
 d - a scroll of silence {unknown}
 e - 5 scrolls of identify {unknown}
 f - 2 scrolls of fear {unknown}
 g - 2 scrolls of magic mapping {unknown}
 k - 2 scrolls of enchant weapon {unknown}
 m - a scroll of teleportation {unknown}
 n - a scroll of blinking {unknown}
Potions
 a - 3 potions of lignification
 h - a potion of brilliance {unknown}
 j - a potion of heal wounds {unknown}
 o - 2 potions of curing {unknown}
 p - a potion of resistance {unknown}


   Skills:
 + Level 1.6 Fighting
 + Level 2.1 Dodging
 + Level 3.2 Unarmed Combat
 + Level 2.2 Spellcasting
 + Level 2.3 Transmutations


You had 2 spell levels left.
You knew the following spells:

 Your Spells              Type           Power      Damage    Failure   Level
a - Beastly Appendage     Tmut           14%        N/A       10%         1
b - Wereblood             Tmut           7%         N/A       14%         2

Your spell library contained the following spells:

 Spells                   Type           Power      Damage    Failure   Level
 Spider Form              Tmut/Pois      4%         N/A       43%         3
 Ice Form                 Ice/Tmut       4%         N/A       83%         4


Dungeon Overview and Level Annotations

Branches:
Dungeon (2/15)

Altars:


Innate Abilities, Weirdness & Mutations

You have temporarily grown beastly horns and talons.
Your plain brown scales are hard. (AC +4)
You cannot fit into any form of body armour.
You are cold-blooded and may be slowed by cold attacks.


Message History

You hit the worm. Your kick misses the worm. You headbutt the worm.
You kill the worm!
You see here a worm corpse.
o - 2 fizzy purple potions
Found a scroll labelled UBEGUTSUAWE.
Your transformation is almost over.
You see here a +0 mace.
f - 2 scrolls labelled CORHASM FIMOQ (gained 1)
Your horns disappear.
Your talons disappear.
Your +0 pair of boots unmelds from your body.
k - 2 scrolls labelled UBEGUTSUAWE (gained 1)
Found an escape hatch in the floor.
Found a blue potion.
Found a stone staircase leading down.
You start waiting.
Found a scroll labelled WUZ WU MOSECIU.
p - a blue potion
Found a stone staircase leading up.
There is a stone staircase leading down here.
Found an escape hatch in the ceiling.
Found 5 stones.
e - 5 scrolls labelled WUZ WU MOSECIU (gained 1)
An orc wizard comes into view. It is wielding a +0 dagger.
The orc wizard shouts!
You hear a shout!
An orc priest comes into view. It is wielding a +0 dagger.
You hear a shout!
There are monsters nearby!
Casting: Beastly Appendage (safe; 10% risk of failure)
Confirm with . or Enter, or press ? or * to list all spells.
You grow a pair of large bovine horns.
Your feet morph into talons.
Your +0 pair of boots melds into your body.
Your transformation is almost over.
The orc wizard points at you and mumbles some strange words.
You resist with significant effort.
The orc priest calls down the wrath of Beogh upon you.
Beogh smites you!
Ouch! That really hurt!
The orc priest calls down the wrath of Beogh upon you.
Beogh smites you!
Ouch! That really hurt!
You die...

#..# .# #>.#
## #..# ...
#..# .... #..#
#...
####..#...
#.....#.#
#.##....## #
##.@...##
#.....<.#
#............#
###
#.#..........#
..#
##....o....#
#.#
##.......##
#.# ##...o.##
#.# ##...##
#.# .... #.#


You could see an orc priest and an orc wizard.

Vanquished Creatures
  A worm (D:2)
  A ball python (D:1)
  An endoplasm (D:1)
  2 giant cockroaches
  3 hobgoblins (D:1)
  3 jackals (D:1)
  4 kobolds
  A bat (D:1)
  3 frilled lizards
  2 rats (D:1)
21 creatures vanquished.

Notes
Turn   | Place    | Note
-------+----------+-------------------------------------------
     0 | D:1      | Brecoman the Draconian Transmuter began the quest for the
                  | Orb.
     0 | D:1      | Reached XP level 1. HP: 16/16 MP: 3/3
   379 | D:1      | Reached XP level 2. HP: 23/23 MP: 3/5
   654 | D:1      | Learned a level 2 spell: Wereblood
  1396 | D:2      | Killed from afar by an orc priest

Illustrated notes

Levels and vault maps discovered:
D:1:      scummos_arrival_checkerplants, layout_basic
D:2:      layout_loops_ring

Skill      XL: |  1  2 |
---------------+-------+-----
Dodging        | 2 |  2.1
Fighting       | |  1.6
Unarmed Combat | |  3.2
Spellcasting   | |  2.2
Transmutations | |  2.3

Action                   || total
-------------------------++-------
Melee: Unarmed           ||    58
       Headbutt          ||    10
       Kick              ||     9
       Tailslap          ||     3
 Cast: Beastly Appendage ||    15
Armor: Skin              ||    14
Dodge: Dodged            ||    31
